 Dungeon Crawl Stone Soup version 0.29.1-12-g30fa7ad0bf (webtiles) character file.

Game seed: 8223595717242152824

168 ThatPearl the Cudgeller (level 5, -5/41 HPs)
             Began as a Demonspawn Gladiator on Jan 8, 2023.
             Splashed by a jelly's acid (9 damage)
             ... on level 3 of the Dungeon.
             The game lasted 00:05:00 (3087 turns).

ThatPearl the Cudgeller (Demonspawn Gladiator)      Turns: 3087, Time: 00:05:01

Health: -5/41      AC: -10   Str: 14    XL:     5   Next: 24%
Magic:  5/5        EV: 11    Int: 12    God:
Gold:   172        SH:  0    Dex: 14    Spells: 3/4 levels left

rFire   . . .      SeeInvis .   a - +0 flail
rCold   . . .      Faith    .   (no shield)
rNeg    + . .      Spirit   .   p - +0 ring mail
rPois   .          Reflect  .   (helmet restricted)
rElec   .          Harm     .   q - +0 cloak
rCorr   .          Rampage  .   (no gloves)
Will    .....                   (no boots)
Stlth   +.........              (no amulet)
HPRegen 0.13/turn               f - ring of positive energy
MPRegen 0.09/turn               (no ring)

@: corroded
A: horns 2, powered by pain 1, demonic touch 1
a: no special abilities


You were on level 3 of the Dungeon.
You visited 1 branch of the dungeon, and saw 3 of its levels.

You collected 172 gold pieces.

Inventory:

Hand Weapons
 a - a +0 flail (weapon)
Missiles
 d - 3 throwing nets (quivered)
 e - a javelin
 h - 19 stones
 v - 7 poisoned darts
Armour
 p - a +0 ring mail (worn)
 q - a +0 cloak (worn)
Jewellery
 f - a ring of positive energy (left hand)
Scrolls
 b - 2 scrolls of poison {unknown}
 g - 2 scrolls of vulnerability {unknown}
 i - 6 scrolls of identify {unknown}
 j - 2 scrolls of teleportation {unknown}
 l - 2 scrolls of amnesia {unknown}
 m - 2 scrolls of enchant armour {unknown}
 n - a scroll of fog {unknown}
 t - a scroll of enchant weapon {unknown}
 u - a scroll of silence {unknown}
Potions
 c - a potion of curing {unknown}
 k - 2 potions of heal wounds {unknown}
 o - a potion of degeneration {unknown}
 r - a potion of might {unknown}
 s - a potion of haste {unknown}


   Skills:
 + Level 3.6 Fighting
 + Level 3.9 Maces & Flails
 - Level 1.7 Throwing
 - Level 2.6 Dodging
 + Level 2.3 Hexes


You had 3 spell levels left.
You knew the following spells:

 Your Spells              Type           Power      Damage    Failure   Level
s - Slow                  Hex            20%        N/A       26%         1

Your spell library contained the following spells:

 Spells                   Type           Power      Damage    Failure   Level
 Confusing Touch          Hex            5%         N/A       61%         3
 Vampiric Draining        Necr           0%         2d6       90%         3


Dungeon Overview and Level Annotations

Branches:
Dungeon (3/15)

Altars:
Ashenzari


Innate Abilities, Weirdness & Mutations

You have a pair of horns on your head.
You sometimes gain a little power by taking damage.
Your touch may inflict minor irresistible damage on your foes.


Message History

The teleport trap disappears.
The worm disappears!
You now have 166 gold pieces (gained 12).
You see here a +0 short sword.
Found a robe.
You see here a +0 robe.
You see here a +0 robe.
A worm is nearby!
A worm is nearby!
You thump the worm!
You touch the worm.
The worm is severely wounded.
The worm bites you.
You hit the worm. You headbutt the worm.
You kill the worm!
No target in view!
There is a broken altar of Ashenzari here.
There is a broken altar of Ashenzari here.
There is a stone staircase leading up here.
There is a stone staircase leading up here.
m - 2 scrolls labelled NOUFUL XUTI (gained 1)
You see here a +0 dagger.
You now have 172 gold pieces (gained 6).
A jelly comes into view.
Found 13 gold pieces.
The jelly quivers.
You hit the jelly. The acid corrodes you!
Your hands burn!
The jelly is moderately wounded.
The jelly hits you. The acid corrodes you!
You are splashed with acid!
You hit the jelly.
Your hands burn!
The jelly is moderately wounded.
The jelly hits you. The acid corrodes you!
You are splashed with acid!
* * * LOW HITPOINT WARNING * * *
You hit the jelly.
Your hands burn!
* * * LOW HITPOINT WARNING * * *
You headbutt the jelly, but do no damage.
You touch the jelly.
The jelly is almost dead.
The jelly hits you.
* * * LOW HITPOINT WARNING * * *
The acid corrodes you!
You are splashed with acid!
You die...

..#######..##.#
..##..........#
..............##
...#...........#
.............#.##
...#).....>..#..#
#..<....)....##.#
#.....#########.#####
....#....# #...@J..#
....####...##.......#
....# #..........#
....# ####.......#
....# #.......# ....#
#.......# #####
#.....$.# #.......#


You could see a jelly.

Vanquished Creatures
  3 gnolls (D:2)
  7 adders
  3 worms
  A dart slug (D:1)
  9 ball pythons
  5 endoplasms
  2 giant cockroaches
  8 goblins
  2 hobgoblins
  7 jackals (D:2)
  6 kobolds
  2 quokkas
  3 bats (D:1)
  8 rats
66 creatures vanquished.

Notes
Turn   | Place    | Note
-------+----------+-------------------------------------------
     0 | D:1      | ThatPearl the Demonspawn Gladiator began the quest for the
                  | Orb.
     0 | D:1      | Reached XP level 1. HP: 16/16 MP: 1/1
   337 | D:1      | Discovered your monstrous ancestry.
   337 | D:1      | Gained mutation: Your touch may inflict minor irresistible
                  | damage on your foes. [demonic ancestry]
   337 | D:1      | Reached XP level 2. HP: 15/23 MP: 2/2
   538 | D:1      | You fall into a shaft and drop 1 floor!
   733 | D:1      | Learned a level 1 spell: Slow
  1284 | D:2      | Gained mutation: You have a pair of small horns on your
                  | head. [demonic ancestry]
  1284 | D:2      | Reached XP level 3. HP: 28/28 MP: 3/3
  1455 | D:2      | Reached skill level 1 in Hexes
  1691 | D:2      | Gained mutation: You have a pair of horns on your head.
                  | [demonic ancestry]
  1691 | D:2      | Reached XP level 4. HP: 35/35 MP: 4/4
  2422 | D:2      | Gained mutation: You sometimes gain a little power by
                  | taking damage. [demonic ancestry]
  2422 | D:2      | Reached XP level 5. HP: 41/41 MP: 5/5
  2909 | D:3      | Found a broken altar of Ashenzari.
  3087 | D:3      | Splashed by a jelly's acid

Illustrated notes

Levels and vault maps discovered:
D:1:      co_arrival_random_square_maze, layout_basic
D:2:      layout_basic, minmay_snake_closets
D:3:      layout_rooms, lemuel_tele_altar, nicolae_wu_jian_immortal_techniques

Skill      XL: |  1  2  3  4 |
---------------+-------------+-----
Maces & Flails | 3 |  3.9
Hexes          | 1 2 |  2.3
Fighting       | 3 |  3.6
Throwing       | |  1.7
Dodging        | |  2.6

Action                   |  1- 3 |  4- 6 || total
-------------------------+-------+-------++-------
Melee: Flail             |    83 |    76 ||   159
       Touch             |     8 |    14 ||    22
       Headbutt          |     5 |     8 ||    13
 Stab: Sleeping          |     2 |       ||     2
Armor: Leather armour    |    18 |       ||    18
       Ring mail         |       |    26 ||    26
Dodge: Dodged            |    52 |    60 ||   112
